 Dungeon Crawl Stone Soup version 0.31-a0-344-gd109795599 (webtiles) character file.

Game seed: 8225335596190642399

3 sankara the Ruffian (level 1, -2/16 HPs)
             Began as a Draconian Shapeshifter on July 21, 2023.
             Succumbed to a kobold's poison
             ... on level 1 of the Dungeon.
             The game lasted 00:02:13 (120 turns).

sankara the Ruffian (Draconian Shapeshifter)         Turns: 120, Time: 00:02:13

Health: -2/16      AC:  4    Str: 17    XL:     1   Next: 41%
Magic:  1/1        EV: 12    Int:  8    God:
Gold:   0          SH:  0    Dex: 11    Spells: 0/0 levels left

rFire   . .          .
                       - Unarmed
rCold   . . .        (no shield)
rNeg    . . .        (body armour unavailable)
rPois   .            (helmet currently unavailable)
rElec   .            (cloak currently unavailable)
rCorr   .            (gloves currently unavailable)
SInv    .            (boots currently unavailable)
Will    .....        (no amulet)
Stlth   +            (no ring)
HPRegen 0.22/turn    (no ring)
MPRegen 0.07/turn

%: no passive effects
@: lethally poisoned (-2 -> -18), beast-form
A: beast (slay +2), AC +4, unfitting armour, cold-blooded
a: Begin Untransformation


You were on level 1 of the Dungeon.
You were a hulking beast.
You visited 1 branch of the dungeon, and saw 1 of its levels.

Inventory:

Talismans
 b - a beast talisman
Scrolls
 c - a scroll of noise {unknown}
Potions
 a - a potion of lignification {!q}


   Skills:
 + Level 1.1 Fighting
 + Level 1.8 Dodging
 * Level 3.0 Unarmed Combat
 * Level 3.0 Shapeshifting


You couldn't memorise any spells.
You didn't know any spells.
Your spell library was empty.

Dungeon Overview and Level Annotations

Branches:
Dungeon (1/15)

Altars:


Innate Abilities, Weirdness & Mutations

You are a hulking beast.
Your limbs bulge with bestial killing power. (Slay +2)
Your plain brown scales are hard. (AC +4)
You cannot fit into any form of body armour.
You are cold-blooded and may be slowed by cold attacks.


Message History

Options error: Unknown explore stop condition 'greedy_sacrificeable' (~/.crawlrc:263) Bad channel name 'Jiyva says' for runrest: 'Jiyva says: Divide and consume' Welcome, sankara the Draconian Shapeshifter.
Below lies the Orb of Zot, rumoured to be powerful enough to resurrect a god...
Press ? for a list of commands and other information.
Found a staircase leading out of the dungeon.
Okay, then.
Okay, then.
Found an escape hatch in the floor.
You open the door.
There is an open door here.
A hobgoblin and a quokka come into view.
The hobgoblin shouts!
You hear a shout!
There are monsters nearby!
A kobold comes into view. It is wielding a +0 dagger.
The kobold shouts!
The hobgoblin hits you but does no damage.
You punch the hobgoblin!
You kill the hobgoblin!
You closely miss the quokka. You tail-slap the quokka.
The quokka is heavily wounded.
The quokka bites you. The kobold closely misses you.
You hit the quokka.
You kill the quokka!
The kobold closely misses you.
You hit the kobold.
You kill the kobold!
No target in view!
No target in view!
Things that are here:
a quokka corpse; a hobgoblin corpse Key pressed, stopping explore.
You see here a +0 dagger.
c - a scroll labelled COHOMI EDGHI
Found a faded altar of an unknown god.
A kobold comes into view. It is wielding a +2 dagger of venom.
The kobold shouts!
The kobold hits you but does no damage.
You are poisoned.
You hit the kobold but do no damage.
You feel sick. The kobold barely misses you.
You barely miss the kobold.
You feel sick.
The kobold hits you with a +2 dagger of venom.
You are lethally poisoned!
You are too injured to fight recklessly!
You are too injured to fight recklessly!
You closely miss the kobold.
Your tail-slap misses the kobold.
You feel very sick.
The kobold hits you with a +2 dagger of venom.
You are more poisoned.
You hit the kobold.
The kobold is moderately wounded.
* * * LOW HITPOINT WARNING * * *
You feel very sick. The kobold barely misses you.
You hit the kobold.
You kill the kobold!
You die...

.####.## .# #.# .#
#.# # .# #.#######..
.####.........#
.......)##.####
#######.......#
##### #.##.##.######
....###.##.#....h).#
###...........####.#
# #####.##.##...# #
#######.##..#.#.##
............##8.8#
##############..## #
##..## # #..###
##...#


There were no monsters in sight!

Vanquished Creatures
  A hobgoblin (D:1)
  A quokka (D:1)
  2 kobolds (D:1)
4 creatures vanquished.

Notes
Turn   | Place    | Note
-------+----------+-------------------------------------------
     0 | D:1      | sankara the Draconian Shapeshifter began the quest for the
                  | Orb.
     0 | D:1      | Reached XP level 1. HP: 16/16 MP: 1/1
    19 | D:1      | Noticed a minotaur skeleton
    99 | D:1      | Found a faded altar of an unknown god.
   119 | D:1      | HP: 2/16 [poisoned by a kobold]
   120 | D:1      | Succumbed to a kobold's poison

Illustrated notes

Levels and vault maps discovered:
D:1:      shiori_arrival_whats_in_store_for_you, layout_loops_ring,
          shapermc_ecumenical_altar_petra

Action                     || total
---------------------------++-------
  Melee: Unarmed           ||     9
         Tailslap          ||     1
 Armour: Skin              ||     2
  Dodge: Dodged            ||     4

Table legend: (Time is in decaauts)
 A = Elapsed time spent in this place.
 B = Non-inter-level travel time spent in this place.
 C = Inter-level travel time spent in this place.
 D = Time resting spent in this place.
 E = Time spent auto-exploring this place.
 F = Levels seen in this place.
 G = Mean time per level.
                   A        B        C        D        E       F      G
               +--------+--------+--------+--------+--------+-----+--------+
         Total |    119 |    119 |      0 |      0 |    103 |   1 |  119.0 |
       Dungeon |    119 |    119 |      0 |      0 |    103 |   1 |  119.0 |
               +--------+--------+--------+--------+--------+-----+--------+

Top non-repeatable levels by time:
     D:1: 119 daAuts

Levels and vault maps discovered:
D:1:      shiori_arrival_whats_in_store_for_you, layout_loops_ring,
          shapermc_ecumenical_altar_petra

Table legend: (Time is in decaauts)
 A = Elapsed time spent in this place.
 B = Non-inter-level travel time spent in this place.
 C = Inter-level travel time spent in this place.
 D = Time resting spent in this place.
 E = Time spent auto-exploring this place.
 F = Levels seen in this place.
 G = Mean time per level.
                   A        B        C        D        E       F      G
               +--------+--------+--------+--------+--------+-----+--------+
         Total |    119 |    119 |      0 |      0 |    103 |   1 |  119.0 |
       Dungeon |    119 |    119 |      0 |      0 |    103 |   1 |  119.0 |
               +--------+--------+--------+--------+--------+-----+--------+

Top non-repeatable levels by time:
     D:1: 119 daAuts

Table legend:
 A = Kills in this place as a percentage of kills in the entire game.
 B = Kills by you in this place as a percentage of kills by you in the entire game.
 C = Kills by friends in this place as a percentage of kills by friends in the entire game.
 D = Other kills in this place as a percentage of other kills in the entire game.
 E = Experience gained in this place as a percentage of experience gained in the entire game.
 F = Experience gained in this place divided by the number of levels of this place that you have seen.
                   A       B       C       D       E      F
               +-------+-------+-------+-------+-------+----------------------
         Total | 100.0 | 100.0 |   N/A |   N/A | 100.0 |   7.0
       Dungeon | 100.0 | 100.0 |   N/A |   N/A | 100.0 |   7.0
               +-------+-------+-------+-------+-------+----------------------
